 Dungeon Crawl Stone Soup version 0.24.1-4-ge52af88ad5 (webtiles) character file.

Game seed: 967111318607220421, levelgen mode: deterministic

1290 holida the Gusty (level 8, -1/46 HPs)
             Began as a Tengu Air Elementalist on Apr 13, 2020.
             Was a Follower of Vehumet.
             Slain by a sky beast (5 damage)
             ... on level 6 of the Dungeon.
             The game lasted 00:17:32 (9081 turns).

holida the Gusty (Tengu Air Elementalist)           Turns: 9081, Time: 00:17:32

Health: -1/46      AC: 10    Str: 10    XL:     8   Next: 55%
Magic:  3/14       EV: 13    Int: 15    God:    Vehumet [*.....]
Gold:   411        SH:  0    Dex: 16    Spells: 11/14 levels left

rFire    . . .     SeeInvis .   r - +0 trident
rCold    . . .     Gourm    .   (no shield)
rNeg     . . .     Faith    .   l - +3 ring mail
rPois    .         Spirit   .   (helmet restricted)
rElec    .         Reflect  .   (no cloak)
rCorr    .         Harm     .   w - +0 pair of gloves
MR       .....                  (boots unavailable)
Stlth    +.........             (no amulet)
HPRegen  0.15/turn              j - ring of flight
MPRegen  0.14/turn              (no ring)

@: flying quickly and evasively, quick
A: beak, talons 3, able to fly
a: Stop Flying, Renounce Religion


You were on level 6 of the Dungeon.
You worshipped Vehumet.
Vehumet was aware of your devotion.
You were hungry.

You visited 1 branch of the dungeon, and saw 6 of its levels.
You also visited: Sewer.

You collected 411 gold pieces.

Inventory:

Hand Weapons
 r - a +0 trident (weapon)
Missiles
 s - 13 atropa-tipped darts (quivered)
 B - 2 boomerangs
Armour
 a - a +0 robe
 l - a +3 ring mail (worn)
 w - a +0 pair of gloves (worn)
Jewellery
 j - a ring of flight (left hand)
Wands
 A - a wand of iceblast (9)
 C - a wand of enslavement (8)
 D - a wand of flame (23)
Scrolls
 b - a scroll of amnesia {unknown}
 d - 5 scrolls of remove curse {unknown}
 h - 4 scrolls of fear {unknown}
 k - 6 scrolls of identify {unknown}
 m - 8 scrolls of teleportation {unknown}
 n - 3 scrolls of enchant armour {unknown}
 o - 4 scrolls of blinking {unknown}
 p - a scroll of immolation {unknown}
 q - 2 scrolls of fog {unknown}
 v - 4 scrolls of random uselessness {unknown}
 y - 2 scrolls of enchant weapon {unknown}
 z - a scroll of noise {unknown}
Potions
 e - a potion of mutation {unknown}
 f - a potion of curing {unknown}
 g - a potion of lignification {unknown}
 i - 5 potions of heal wounds {unknown}
 t - a potion of might {unknown}
 u - 5 potions of brilliance {unknown}
 x - a potion of cancellation {unknown}
Comestibles
 c - a ration


   Skills:
 * Level 3.4 Fighting
 + Level 3.2 Polearms
 + Level 0.1 Throwing
 * Level 5.8 Armour
 - Level 2.2 Dodging
 - Level 2.0 Stealth
 + Level 3.8 Spellcasting
 * Level 5.8 Conjurations
 + Level 6.2 Air Magic


You had 11 spell levels left.
You knew the following spells:

 Your Spells              Type           Power        Failure   Level  Hunger
a - Shock                 Conj/Air       ###.         3%          1    None
b - Swiftness             Chrm/Air       ##......     17%         2    ##.....

Your spell library contained the following spells:

 Spells                   Type           Power        Failure   Level  Hunger
 Sting                    Conj/Pois      ##..         13%         1    None
 Static Discharge         Conj/Air       ###.....     11%         3    ###....
 Airstrike                Air            ###.......   32%         4    ####...
 Lightning Bolt           Conj/Air       ###.......   67%         5    ######.


Dungeon Overview and Level Annotations

Branches:
Dungeon (6/15)              Sewer (visited)
 Temple: D:4-7

Altars:
Nemelex Xobeh
Sif Muna
Trog
Vehumet

Annotations:
D:1 exclusion: downstairs
D:2 exclusion: downstairs
D:3 Sigmund


Innate Abilities, Weirdness & Mutations

You have a beak for a mouth.
You have claws for feet.
You can fly continuously.


Message History

The sky beast flickers out of sight!
Deactivating autopickup; reactivate with Ctrl-A.
Something hits you but does no damage.
The centaur wields a +0 shortbow.
The centaur shoots an arrow.
The arrow barely misses you. Something completely misses you.
You barely miss something. You claw something.
The centaur shoots an arrow.
Something hits you but does no damage.
You barely miss something. Your kick misses something.
The centaur shoots an arrow.
The arrow hits you. Something hits you. Something shocks you.
The centaur shoots an arrow.
The arrow hits you!
You miss something. Your kick misses something.
The centaur shoots an arrow.
The arrow hits you!
* * * LOW HITPOINT WARNING * * *
Something hits you but does no damage.
You miss something. Your kick misses something.
The orc wizard casts a spell.
The orc wizard seems to speed up.
Something hits you.
* * * LOW HITPOINT WARNING * * *
Something shocks you.
You die...

.... ...
... o. #.
##.# #co#
##{# .
##@## ...
##.##
.....###..#
.........##
....####.##
. #..#
###.##
##....#
#...#.##


You could see a centaur, an orc wizard and an orc.

Vanquished Creatures
  Pikel (D:4)
  2 ogres
  Blork the orc (D:5)
  2 crimson imps (D:4)
  2 hounds (D:4)
  2 orc priests
  Terence (D:3)
  2 worker ants
  3 orc wizards
  A hound zombie (D:5)
  4 gnolls (D:2)
  4 adders
  2 river rats (D:4)
  3 worms
  2 dart slugs
  3 leopard geckos
  10 orcs
  2 giant cockroaches
  11 goblins
  11 hobgoblins
  12 jackals
  2 quokkas
  10 ball pythons
  5 bats
  6 frilled lizards
  7 kobolds
  A leopard gecko skeleton (D:5)
  A leopard gecko zombie (D:4)
  10 rats
  5 plants (Sewer)
128 creatures vanquished.

Vanquished Creatures (others)
  A phantom (D:4)
  2 slaves (D:4)
  A gnoll sergeant (D:2)
  An orc wizard (D:4)
  A worm (D:2)
  2 orcs (D:4)
  A bat (D:2)
  4 toadstools (D:4)
13 creatures vanquished.

Grand Total: 141 creatures vanquished

Notes
Turn   | Place    | Note
-------+----------+-------------------------------------------
     0 | D:1      | holida the Tengu Air Elementalist began the quest for the
                  | Orb.
     0 | D:1      | Reached XP level 1. HP: 10/10 MP: 4/4
   208 | D:1      | Reached skill level 1 in Armour
   208 | D:1      | Reached XP level 2. HP: 6/15 MP: 0/6
   404 | D:1      | Learned a level 2 spell: Swiftness
  1106 | D:1      | Reached XP level 3. HP: 19/19 MP: 1/7
  2143 | D:2      | Reached XP level 4. HP: 24/24 MP: 2/8
  2429 | D:2      | Noticed a gnoll sergeant
  2542 | D:2      | Found a radiant altar of Vehumet.
  2550 | D:2      | Became a worshipper of Vehumet
  2605 | D:2      | Killed a gnoll sergeant
  2803 | D:2      | Gained mutation: You can fly continuously. [Tengu growth]
  2803 | D:2      | Reached XP level 5. HP: 28/28 MP: 10/10
  3017 | D:2      | Found a radiant altar of Vehumet.
  3573 | D:2      | Found a radiant altar of Vehumet.
  3997 | D:3      | Noticed Sigmund
  4165 | D:3      | Reached skill level 1 in Fighting
  4468 | D:3      | Noticed Terence
  4496 | D:3      | Killed Terence
  5138 | D:2      | Found a radiant altar of Vehumet.
  5729 | D:4      | Noticed a phantom
  5834 | D:4      | Reached skill level 5 in Air Magic
  5882 | D:4      | Reached skill level 1 in Polearms
  5924 | D:4      | Found a glowing drain.
  6061 | Sewer    | Entered a sewer
  6332 | Sewer    | Reached XP level 6. HP: 34/34 MP: 11/11
  6767 | D:4      | Reached * piety under Vehumet
  6767 | D:4      | Offered knowledge of Sting by Vehumet.
  6822 | D:4      | Noticed Pikel
  6822 | D:4      | Noticed a slave
  6824 | D:4      | Noticed a slave
  6826 | D:4      | Noticed a slave
  6830 | D:4      | Noticed a slave
  6921 | D:4      | Killed Pikel
  6921 | D:4      | Reached XP level 7. HP: 25/40 MP: 2/13
  7475 | D:4      | Reached skill level 5 in Armour
  7475 | D:4      | Reached skill level 5 in Conjurations
  7475 | D:4      | Reached XP level 8. HP: 17/45 MP: 8/14
  7950 | D:5      | Entered Level 5 of the Dungeon
  8049 | D:5      | Noticed Blork the orc
  8071 | D:4      | Reached skill level 6 in Air Magic
  8264 | D:5      | Killed Blork the orc
  8704 | D:5      | Found a sparkling altar of Nemelex Xobeh.
  8727 | D:5      | Found a bloodstained altar of Trog.
  8727 | D:5      | Found a shimmering blue altar of Sif Muna.
  9081 | D:6      | Slain by a sky beast

Levels and vault maps discovered:
D:1:      evilmike_arrival_home_sweet_home, layout_basic
D:2:      layout_rooms, fiery_altar_vehumet, minmay_hexomino_c4
D:3:      layout_basic, first_ration, kennysheep_donut, uniq_terence,
          uniq_sigmund
D:4:      layout_loops_ring, cheibrodos_sewer_entry_sluice,
          minmay_gold_behind_fungi, minmay_pentangle, uniq_pikel
D:5:      layout_loops_ring, gammafunk_temple_overflow_wave, serial_glass,
          glass_columns_a, glass_columns_a, glass_columns_c, glass_columns_b,
          nemelex_spade_bored_becter, uniq_blork_the_orc
D:6:      layout_cave_pods, old_standard_altar, eat_drink_and_be_merry_uskayaw

Skill      XL: |  1  2  3  4  5  6  7  8 |
---------------+-------------------------+-----
Armour         | 1 2 3 4 5 |  5.8
Conjurations   | 2 3 4 5 |  5.8
Fighting       | 1 2 3 |  3.4
Air Magic      | 5 6 |  6.2
Polearms       | 1 2 3 |  3.2
Spellcasting   | 3 |  3.8
Throwing       | |  0.1
Dodging        | |  2.2
Stealth        | |  2.0

Action                   |  1- 3 |  4- 6 |  7- 9 || total
-------------------------+-------+-------+-------++-------
Melee: Club              |    54 |       |       ||    54
       Peck              |     9 |    67 |     5 ||    81
       Kick              |    11 |    89 |    11 ||   111
       Trident           |     3 |   276 |    61 ||   340
Throw: Dart              |       |     2 |       ||     2
 Cast: Shock             |    74 |    54 |    61 ||   189
 Abil: Fly               |       |     1 |       ||     1
       Evoke Flight      |       |     1 |       ||     1
 Stab: Sleeping          |     1 |     3 |       ||     4
  Eat: Chunk             |     5 |     8 |     7 ||    20
       Ration            |       |     2 |       ||     2
Armor: Robe              |     6 |       |       ||     6
       Ring mail         |    37 |    58 |    29 ||   124
Dodge: Dodged            |    51 |    94 |    56 ||   201
